 Dungeon Crawl Stone Soup version 0.28-a0-1199-gef9e1dbd39 (webtiles) character file.

Game seed: 13152557024839208172

87 Lavandula the Ruffian (level 4, 0/32 HPs)
             Began as a Formicid Transmuter on Dec 19, 2021.
             Killed from afar by a white imp (7 damage)
             ... with a puff of frost
             ... summoned by Natasha
             ... on level 2 of the Dungeon.
             The game lasted 00:02:52 (1632 turns).

Lavandula the Ruffian (Formicid Transmuter)         Turns: 1632, Time: 00:02:53

Health: 0/32       AC:  4    Str: 16    XL:     4   Next: 80%
Magic:  6/7        EV: 12    Int: 13    God:
Gold:   80         SH:  0    Dex: 11    Spells: 1/7 levels left

rFire   . . .      SeeInvis +   e - +3 dagger
rCold   . . .      Faith    .   (no shield)
rNeg    . . .      Spirit   .   a - +0 robe
rPois   .          Reflect  .   (helmet unavailable)
rElec   .          Harm     .   (no cloak)
rCorr   .          Rampage  .   g - +1 pair of gloves
Will    .....                   (no boots)
Stlth   +.........              (no amulet)
HPRegen 0.10/turn               (no ring)
MPRegen 0.10/turn               (no ring)

@: no status effects
A: permanent stasis, dig shafts and tunnels, antennae 3, four strong arms
a: Dig, Shaft Self


You were on level 2 of the Dungeon.
You visited 1 branch of the dungeon, and saw 2 of its levels.

You collected 80 gold pieces.

Inventory:

Hand Weapons
 e - a +3 dagger (weapon)
Armour
 a - a +0 robe (worn)
 g - a +1 pair of gloves (worn)
Magical Staves
 h - a staff of earth
Scrolls
 b - a scroll of summoning {unknown}
 c - a scroll of identify {unknown}
 d - a scroll of fear {unknown}
Potions
 f - a potion of berserk rage {unknown}
 i - a potion of haste {unknown}
 j - a potion of heal wounds {unknown}


   Skills:
 - Level 1.1 Fighting
 - Level 1.7 Dodging
 - Level 3.4 Unarmed Combat
 - Level 2.1 Spellcasting
 - Level 3.4 Transmutations
 + Level 3.4 Poison Magic


You had one spell level left.
You knew the following spells:

 Your Spells              Type           Power      Damage    Failure   Level
a - Beastly Appendage     Tmut           20%        N/A       6%          1
b - Wereblood             Tmut           10%        N/A       9%          2
c - Spider Form           Tmut/Pois      10%        N/A       19%         3

Your spell library contained the following spells:

 Spells                   Type           Power      Damage    Failure   Level
 Ice Form                 Ice/Tmut       5%         N/A       77%         4


Dungeon Overview and Level Annotations

Branches:
Dungeon (2/15)

Altars:

Annotations:
D:2 Natasha


Innate Abilities, Weirdness & Mutations

You cannot be hasted, slowed, berserked, paralysed or teleported.
You can dig through walls and to a lower floor.
You have a pair of large antennae on your head. (SInv)
Your four strong arms can wield two-handed weapons with a shield.


Message History

A kobold is nearby!
A kobold is nearby!
A rat and an endoplasm come into view.
Natasha, Servant of Life and Death comes into view.
Natasha hisses angrily.
The kobold throws a stone.
The stone hits you but does no damage.
Casting: Wereblood (safe; 9% risk of failure)
Confirm with . or Enter, or press ? or * to list all spells.
The spell is quite dangerous to miscast (19% risk of failure)!
Continue anyway?
Okay, then.
Casting: Spider Form (quite dangerous; 19% risk of failure)
Confirm with . or Enter, or press ? or * to list all spells.
The spell is quite dangerous to miscast (19% risk of failure)!
Continue anyway?
You miscast Spider Form.
You are very lightly contaminated with residual magic.
You feel incredibly sick!
You are poisoned.
You feel sick.
The kobold throws a stone.
The stone barely misses you.
A ball python comes into view.
Unknown command.
You feel sick.
The kobold throws a stone.
The stone hits you but does no damage.
You feel sick.
Natasha mumbles some strange words.
You feel sick.
Natasha stares at you and mumbles some strange words.
The magic dart hits you!
* * * LOW HITPOINT WARNING * * *
You feel sick.
You feel sick.
You feel sick.
You are no longer poisoned.
Natasha casts a spell.
Your magical contamination has completely faded away.
Natasha mumbles some strange words.
Natasha howls an incantation.
Natasha shimmers violently.
The white imp gestures at you. The puff of frost hits you!
You die...

.....5...........
...............................
...............................
.†)..{############.............
.)..{.# #............. ......#
#............. ......##########
#.........>...
.#.......K.....###.............
.#..........hJ..@......<.......
.#..#.......5..##....##....##.#
.#..#..........#......######
.#..#..........'.............
...#..†.......#.............
##.##..........#.............
...............###...........
#####......(...# #...........
#..........# #...........


You could see Natasha, a white imp (summoned), an endoplasm and a kobold.

Vanquished Creatures
  Natasha (twice) (D:2)
  An endoplasm (D:1)
  A giant cockroach (D:1)
  5 goblins (D:1)
  2 hobgoblins (D:1)
  3 jackals (D:1)
  2 kobolds (D:2)
  3 quokkas
  5 ball pythons
  3 bats (D:1)
  2 frilled lizards (D:1)
  7 rats
36 creatures vanquished.

Notes
Turn   | Place    | Note
-------+----------+-------------------------------------------
     0 | D:1      | Lavandula the Formicid Transmuter began the quest for the
                  | Orb.
     0 | D:1      | Reached XP level 1. HP: 15/15 MP: 3/3
    66 | D:1      | Reached XP level 2. HP: 14/21 MP: 3/5
    69 | D:1      | Learned a level 2 spell: Wereblood
   753 | D:1      | Reached XP level 3. HP: 26/26 MP: 6/6
   932 | D:1      | Found a faded altar of an unknown god.
  1380 | D:2      | Noticed Natasha
  1386 | D:2      | Learned a level 3 spell: Spider Form
  1392 | D:2      | Killed Natasha
  1393 | D:2      | Reached XP level 4. HP: 31/32 MP: 3/7
  1442 | D:2      | Noticed Natasha
  1455 | D:2      | Killed Natasha
  1610 | D:2      | Noticed Natasha
  1632 | D:2      | Killed from afar by a white imp

Illustrated notes

Levels and vault maps discovered:
D:1:      evilmike_arrival_rings, layout_basic,
          ebering_ecumenical_altar_sacrificial
D:2:      layout_basic, serial_shops, shop, minmay_misc_feat_five,
          hangedman_decor_lopped, uniq_natasha

Skill      XL: |  1  2  3  4 |
---------------+-------------+-----
Transmutations | 3 |  3.4
Poison Magic   | 2 3 |  3.4
Fighting       | |  1.1
Dodging        | |  1.7
Unarmed Combat | |  3.4
Spellcasting   | |  2.1

Action                   |  1- 3 |  4- 6 || total
-------------------------+-------+-------++-------
Melee: Unarmed           |    28 |    19 ||    47
       Kick              |     3 |       ||     3
       Dagger            |    49 |       ||    49
       Punch             |     1 |       ||     1
 Cast: Beastly Appendage |    13 |       ||    13
       Spider Form       |     1 |     2 ||     3
Armor: Robe              |    22 |     2 ||    24
       Skin              |       |     2 ||     2
Dodge: Dodged            |    42 |    17 ||    59

Table legend: (Time is in decaauts)
 A = Elapsed time spent in this place.
 B = Non-inter-level travel time spent in this place.
 C = Inter-level travel time spent in this place.
 D = Time resting spent in this place.
 E = Time spent auto-exploring this place.
 F = Levels seen in this place.
 G = Mean time per level.
                   A        B        C        D        E       F      G
               +--------+--------+--------+--------+--------+-----+--------+
         Total |   1628 |   1506 |    122 |     24 |   1201 |   2 |  814.0 |
       Dungeon |   1628 |   1506 |    122 |     24 |   1201 |   2 |  814.0 |
               +--------+--------+--------+--------+--------+-----+--------+

Top non-repeatable levels by time:
     D:1: 1373 daAuts
     D:2: 254 daAuts
